 Dungeon Crawl Stone Soup version 0.27-a0-1186-g8b4daa1eef (webtiles) character file.

Game seed: 14747033704958307370

1916 avis the Reanimator (level 8, -8/62 HPs)
             Began as a Deep Dwarf Necromancer on May 20, 2021.
             Mangled by a gnoll sergeant
             ... wielding a +0 glaive
              (14 damage)
             ... in a bailey.
             The game lasted 00:46:09 (7894 turns).

avis the Reanimator (Deep Dwarf Necromancer)        Turns: 7894, Time: 00:46:09

Health: -8/62      AC:  7    Str: 13    XL:     8   Next: 95%
Magic:  2/13       EV: 11    Int: 17    God:
Gold:   188        SH:  0    Dex: 13    Spells: 12/17 levels left

rFire    . . .     SeeInvis .   a - staff of death
rCold    . . .     Faith    .   (no shield)
rNeg     + . .     Spirit   .   m - +0 ring mail
rPois    .         Reflect  .   x - +0 helmet
rElec    .         Harm     .   (no cloak)
rCorr    +         Rampage  .   l - +0 pair of gloves
Will     +....                  (no boots)
Stlth    +.........             b - amulet of the acrobat
HPRegen  0.00/turn              i - ring of resist corrosion
MPRegen  0.13/turn              (no ring)

@: no status effects
A: damage resistance, heal wounds, sense surroundings 1, no regeneration
a: Heal Wounds


You were in a bailey.
You visited 2 branches of the dungeon, and saw 8 of its levels.
You also visited: Bailey.

You collected 188 gold pieces.

Inventory:

Missiles
 n - 13 poisoned darts (quivered)
 o - 2 throwing nets
Armour
 g - a +0 chain mail
 l - a +0 pair of gloves (worn)
 m - a +0 ring mail (worn)
 x - a +0 helmet (worn)
Magical Staves
 a - a staff of death (weapon)
Jewellery
 b - an amulet of the acrobat (around neck)
 i - a ring of resist corrosion (left hand)
Scrolls
 e - a scroll of identify {unknown}
 h - a scroll of vulnerability {unknown}
 j - a scroll of teleportation
 q - a scroll of enchant armour {unknown}
 s - a scroll of blinking
 t - a scroll of fog {unknown}
Potions
 c - a potion of mutation {unknown}
 d - 3 potions of curing {unknown}
 f - 2 potions of lignification {unknown}
 k - a potion of resistance {unknown}
 u - a potion of magic {unknown}
 z - a potion of might {unknown}
 A - 2 potions of cancellation {unknown}
 B - a potion of degeneration {unknown}


   Skills:
 * Level 4.4 Staves
 - Level 2.1 Dodging
 - Level 2.4 Stealth
 - Level 5.0 Spellcasting
 + Level 9.8 Necromancy
 + Level 4.4 Evocations


You had 12 spell levels left.
You knew the following spells:

 Your Spells              Type           Power      Damage    Failure   Level
a - Pain                  Necr           100%       1d9       1%          1
c - Animate Skeleton      Necr           100%       N/A       1%          1
d - Vampiric Draining     Necr           27%        2d9       1%          3

Your spell library contained the following spells:

 Spells                   Type           Power      Damage    Failure   Level
 Animate Dead             Necr           27%        N/A       5%          4
 Agony                    Necr           54%        N/A       16%         5
 Magic Dart               Conj           16%        1d3       30%         1
 Blink                    Tloc           N/A        N/A       43%         2
 Call Imp                 Summ           4%         N/A       43%         2
 Slow                     Hex            4%         N/A       43%         2
 Conjure Flame            Conj/Fire      4%         6-21      67%         3
 Mephitic Cloud           Conj/Pois/Air  4%         N/A       67%         3


Dungeon Overview and Level Annotations

Branches:
Dungeon (7/15)             Temple (1/1) D:7          Bailey (1/1)

Altars:
Gozag
Kikubaaqudgha
Nemelex Xobeh
Ru
Uskayaw

Shops:
D:2 =   D:7 ?

Annotations:
D:3 Grinder, Natasha
D:5 2 runed translucent doors, Menkaure, Prince Ribbit


Innate Abilities, Weirdness & Mutations

You are resistant to damage.
You can heal yourself by infusing magical energy.
You passively map a small area around you.
You do not regenerate.


Message History

Aiming: Vampiric Draining (safe; 1% risk of failure)
Press: ? - help, Shift-Dir - straight line, f - gnoll sergeant
Aim: a gnoll sergeant, wielding a +0 bardiche and wearing a +0 chain mail You feel a surge of power!
You draw life force from the gnoll sergeant.
You feel life coursing into your body.
The gnoll sergeant hits you but does no damage.
The gnoll barely misses you.
The gnoll hits you from afar with a +0 halberd.
The gnoll sergeant misses you.
Casting: Vampiric Draining (safe; 1% risk of failure)
Confirm with . or Enter, or press ? or * to list all spells.
Aiming: Vampiric Draining (safe; 1% risk of failure)
Press: ? - help, Shift-Dir - straight line, f/p - gnoll sergeant
Aim: a gnoll sergeant, wielding a +0 bardiche and wearing a +0 chain mail (lightly wounded)
You feel a surge of power!
You draw life force from the gnoll sergeant!
You feel life coursing into your body!
The gnoll sergeant hits you from afar with a +0 glaive!
The gnoll barely misses you.
The gnoll hits you from afar with a +0 halberd!
* * * LOW HITPOINT WARNING * * *
The gnoll sergeant hits you with a +0 bardiche!
* * * LOW HITPOINT WARNING * * *
You barely miss the gnoll sergeant.
The gnoll sergeant is almost dead.
The gnoll sergeant barely misses you. The gnoll closely misses you. x2
The gnoll sergeant hits you with a +0 bardiche!
* * * LOW HITPOINT WARNING * * *
Casting: Vampiric Draining (safe; 1% risk of failure)
Confirm with . or Enter, or press ? or * to list all spells.
Aiming: Vampiric Draining (safe; 1% risk of failure)
Press: ? - help, Shift-Dir - straight line, f/p - gnoll sergeant
Aim: a gnoll sergeant, wielding a +0 bardiche and wearing a +0 chain mail (almost dead)
You feel a surge of power!
You draw life force from the gnoll sergeant!
You kill the gnoll sergeant!
You feel life coursing into your body.
The gnoll sergeant hits you from afar with a +0 glaive!
You die...

♣≈.................≈♣
♣≈≈.....(..(......≈≈♣
♣♣≈≈≈≈≈≈≈...≈≈≈≈≈≈≈♣♣
♣♣...............♣♣
♣♣♣...........♣♣♣
♣♣♣♣..g....♣♣
♣♣ggg♣♣♣♣ ♣♣)♣♣ ♣@♣
♣∩♣ ###


You could see a gnoll sergeant and 3 gnolls.

Vanquished Creatures
  Sigmund (D:5)
  Eustachio (D:4)
  An orc warrior (Temple)
  A black bear (D:4)
  A hornet zombie (D:7)
  2 ogres
  Blork the orc (D:4)
  3 bullfrogs
  A gnoll sergeant (Bailey)
  3 scorpions
  2 water moccasin zombies
  A vampire bat (D:4)
  4 hounds
  A bullfrog skeleton (D:5)
  2 jellies
  A scorpion zombie (D:5)
  2 iguanas
  Ijyb (D:3)
  An orc wizard (D:7)
  2 howler monkey zombies
  An adder (D:6)
  3 gnolls (Bailey)
  A shadow imp (D:6)
  3 worms
  2 dart slugs
  3 fire bats (D:4)
  3 orcs
  2 spectral bats (D:4)
  3 bat skeletons (D:4)
  A bat zombie (D:4)
  6 endoplasms
  3 giant cockroaches
  9 goblins
  6 hobgoblins
  5 jackals
  7 kobolds
  4 quokkas
  3 ball pythons
  10 bats
  A bat simulacrum (D:4)
  3 frilled lizards
  4 rats (D:1)
115 creatures vanquished.

Notes
Turn   | Place    | Note
-------+----------+-------------------------------------------
     0 | D:1      | avis the Deep Dwarf Necromancer began the quest for the
                  | Orb.
     0 | D:1      | Reached XP level 1. HP: 15/15 MP: 3/3
   252 | D:1      | Learned a level 1 spell: Animate Skeleton
   379 | D:1      | Reached XP level 2. HP: 16/22 MP: 0/5
  1430 | D:2      | Reached XP level 3. HP: 20/28 MP: 0/6
  1489 | D:2      | Learned a level 3 spell: Vampiric Draining
  1579 | D:2      | Found Emoc's Jewellery Shoppe.
  2073 | D:2      | Reached skill level 5 in Necromancy
  2475 | D:2      | Found a faded altar of an unknown god.
  2741 | D:3      | Noticed Ijyb
  2790 | D:3      | Killed Ijyb
  2791 | D:3      | Reached XP level 4. HP: 28/36 MP: 0/8
  2884 | D:3      | Noticed Grinder
  2907 | D:3      | Noticed Natasha
  2918 | D:3      | Paralysed by Grinder for 2 turns
  3172 | D:4      | Noticed a bullfrog
  3187 | D:4      | Killed a bullfrog
  3188 | D:4      | Reached skill level 6 in Necromancy
  3188 | D:4      | Reached XP level 5. HP: 30/42 MP: 0/10
  3298 | D:4      | Noticed Eustachio
  3360 | D:4      | Killed Eustachio
  3361 | D:4      | Reached XP level 6. HP: 21/49 MP: 0/10
  3739 | D:4      | Reached skill level 7 in Necromancy
  4186 | D:4      | Found an opulent altar of Gozag.
  4187 | D:4      | Noticed Blork the orc
  4580 | D:4      | Reached XP level 7. HP: 53/55 MP: 7/12
  4715 | D:4      | Reached skill level 8 in Necromancy
  4920 | D:5      | Entered Level 5 of the Dungeon
  4920 | D:5      | Noticed Sigmund
  5025 | D:6      | Found a sparkling altar of Nemelex Xobeh.
  5686 | D:6      | Reached skill level 9 in Necromancy
  5688 | D:6      | Reached skill level 5 in Spellcasting
  6339 | D:6      | Reached XP level 8. HP: 60/62 MP: 4/14
  6461 | D:5      | Reached skill level 1 in Staves
  6461 | D:5      | Reached skill level 1 in Evocations
  6540 | D:4      | Killed Blork the orc
  6805 | D:5      | Found a large runed translucent door.
  6806 | D:5      | Found a large runed translucent door.
  6846 | D:5      | Noticed a gargoyle
  6963 | D:5      | Killed Sigmund
  7128 | D:5      | Noticed Prince Ribbit
  7221 | D:5      | Noticed Menkaure
  7272 | D:7      | Found a staircase to the Ecumenical Temple.
  7280 | Temple   | Entered the Ecumenical Temple
  7604 | D:7      | Found Fotwaqie's Magic Scroll Shoppe.
  7652 | D:7      | Found a flagged portal.
  7661 | Bailey   | Entered a bailey
  7679 | Bailey   | HP: 3/62 [gnoll/+0 trident (2)]
  7894 | Bailey   | Mangled by a gnoll sergeant

Illustrated notes

Levels and vault maps discovered:
D:1:      lightli_molten_gateway, layout_basic, minmay_misc_feat_hallway,
          minmay_pentomino_p2
D:2:      layout_loops_ring, serial_shops, nicolae_shop_statue_plus,
          shapermc_ecumenical_altar_mp_vishouse, eino_curves_02,
          chequers_serial_rivers_small_a
D:3:      layout_rooms, uniq_ijyb, uniq_natasha, uniq_grinder
D:4:      layout_loops_ring, nicolae_overflow_hidden_temple, goddamned_bats,
          uniq_eustachio, uniq_blork_the_orc
D:5:      layout_rooms, jmf_multi_god_temple2, uniq_menkaure, uniq_sigmund,
          uniq_prince_ribbit1
D:6:      layout_loops_ring, nemelex_xobeh_ov_fountains_minmay,
          bh_walls_and_bars
D:7:      layout_loops_ring, worldfamousw_hep_ancestral_shrine,
          minmay_temple_entry_glass, enter_bailey_3, serial_shops, shop,
          minmay_hedge_maze, kennysheep_another_room
Temple:   regret_index_temple_sphere_string
Bailey:   bailey_polearm_gnolls_kennysheep, bailey

Skill      XL: |  1  2  3  4  5  6  7  8 |
---------------+-------------------------+-----
Spellcasting   | 2 3 4 5 |  5.0
Necromancy     | 5 6 7 9 |  9.8
Staves         | 4 |  4.4
Evocations     | 4 |  4.4
Dodging        | |  2.1
Stealth        | |  2.4

Action                   |  1- 3 |  4- 6 |  7- 9 || total
-------------------------+-------+-------+-------++-------
Melee: Unarmed           |     6 |       |       ||     6
       Short sword       |    13 |    40 |       ||    53
       Rapier            |       |    57 |    33 ||    90
       Staff             |       |       |   138 ||   138
Throw: Dart              |       |       |     2 ||     2
 Cast: Pain              |    90 |    20 |     9 ||   119
       Animate Skeleton  |     7 |    11 |     9 ||    27
       Vampiric Draining |     5 |    22 |    58 ||    85
 Abil: Heal Wounds       |       |     1 |     3 ||     4
Evoke: Wand              |       |    10 |     3 ||    13
  Use: Scroll            |       |       |     2 ||     2
 Stab: Sleeping          |       |     1 |       ||     1
Armor: Robe              |     2 |       |       ||     2
       Ring mail         |     2 |   130 |    89 ||   221
Dodge: Dodged            |    22 |   145 |   151 ||   318

Table legend: (Time is in decaauts)
 A = Elapsed time spent in this place.
 B = Non-inter-level travel time spent in this place.
 C = Inter-level travel time spent in this place.
 D = Time resting spent in this place.
 E = Time spent auto-exploring this place.
 F = Levels seen in this place.
 G = Mean time per level.
                   A        B        C        D        E       F      G
               +--------+--------+--------+--------+--------+-----+--------+
         Total |   7947 |   7365 |    582 |   2972 |   2485 |   9 |  883.0 |
       Dungeon |   7564 |   6982 |    582 |   2776 |   2485 |   7 | 1080.6 |
        Temple |    149 |    149 |      0 |    105 |      0 |   1 |  149.0 |
        Bailey |    232 |    232 |      0 |     91 |      0 |   1 |  232.0 |
               +--------+--------+--------+--------+--------+-----+--------+

Top non-repeatable levels by time:
     D:4: 2187 daAuts
     D:1: 1542 daAuts
     D:6: 1462 daAuts
     D:2: 1270 daAuts
     D:5: 656 daAuts
     D:7: 240 daAuts
  Bailey: 232 daAuts
     D:3: 205 daAuts
  Temple: 149 daAuts
